2034 views
Uploaded 2023-09-06 13:30:32
Game version 1.36 (6115)
25:42 long 2on2 ladder game on (4)Avalanche_LV
Saved by GIGA
2034 views
Uploaded 2023-09-06 13:30:32
Game version 1.36 (6115)
25:42 long 2on2 ladder game on (4)Avalanche_LV


110 units @ 15.5k
/ 2.6k
49 buildings @ 6.3k
/ 3k
โ
ArMaDa
(25:31) : 

| Scroll of Regeneration | 2 | 200 |
| Orb of Fire | 1 | 325 |
| Scroll of Town Portal | 1 | 350 |
| total: | 4 | 875g |
| Peasant | 28 | 2100 | / | 0 |
| Footman | 5 | 675 | / | 0 |
| Rifleman | 3 | 615 | / | 90 |
| Sorceress | 6 | 930 | / | 120 |
| Knight | 5 | 1225 | / | 300 |
| Gryphon Rider | 5 | 1400 | / | 350 |
| Priest | 6 | 810 | / | 60 |
| Siege Engine | 9 | 1755 | / | 540 |
| total: | 67 | 9510g | / | 1460w |
| Scout Tower | 7 | 210 | / | 140 |
| Arcane Tower | 1 | 70 | / | 50 |
| Guard Tower | 3 | 210 | / | 150 |
| Altar of Kings | 1 | 180 | / | 50 |
| Farm | 11 | 880 | / | 220 |
| Barracks | 1 | 160 | / | 60 |
| Arcane Vault | 1 | 130 | / | 30 |
| Blacksmith | 1 | 140 | / | 60 |
| Lumber Mill | 1 | 120 | / | 0 |
| Town Hall | 1 | 385 | / | 205 |
| Arcane Sanctum | 1 | 150 | / | 140 |
| Gryphon Aviary | 1 | 140 | / | 150 |
| Workshop | 2 | 280 | / | 280 |
| Keep | 1 | 320 | / | 210 |
| Castle | 1 | 360 | / | 210 |
| total: | 28 | 2775g | / | 1335w |
| 0:03 | Peasant |
| 0:07 | Altar of Kings |
| 0:09 | Farm |
| 0:13 | Barracks |
| 0:14 | Peasant |
| 0:28 | Peasant |
| 0:42 | Peasant |
| 0:51 | Farm |
| 1:05 | Peasant |
| 1:17 | Footman |
| 1:20 | Peasant |
| 1:32 | Footman |
| 1:40 | Peasant |
| 1:54 | Arcane Vault |
| 2:06 | Footman |
| 2:13 | Thunder Clap |
| 2:38 | Keep |
| 2:58 | Blacksmith |
| 3:05 | Lumber Mill |
| 4:15 | Farm |
| 4:16 | Farm |
| 5:07 | Storm Bolt |
| 5:13 | Rifleman |
| 5:17 | Arcane Sanctum |
| 5:19 | Castle |
| 5:23 | Scroll of Regeneration |
| 5:43 | Rifleman |
| 5:44 | Long Rifles |
| 6:15 | Summon Water Elemental |
| 6:33 | Sorceress |
| 6:36 | Farm |
| 6:39 | Farm |
| 6:52 | Farm |
| 7:02 | Improved Lumber Harvesting |
| 7:03 | Improved Masonry |
| 7:20 | Rifleman |
| 7:23 | Gryphon Aviary |
| 8:16 | Brilliance Aura |
| 8:30 | Town Hall |
| 8:35 | Knight |
| 8:38 | Peasant |
| 8:38 | Peasant |
| 8:38 | Peasant |
| 8:58 | Farm |
| 9:04 | Advanced Lumber Harvesting |
| 9:14 | Scroll of Regeneration |
| 9:18 | Storm Bolt |
| 9:49 | Gryphon Rider |
| 10:02 | Sorceress |
| 11:10 | Knight |
| 11:12 | Priest |
| 11:12 | Sorceress |
| 11:13 | Gryphon Rider |
| 11:20 | Animal War Training |
| 11:43 | Priest |
| 11:50 | Farm |
| 13:08 | Orb of Fire |
| 13:30 | Scout Tower |
| 14:24 | Peasant |
| 14:24 | Peasant |
| 14:24 | Peasant |
| 14:40 | Scout Tower |
| 14:43 | Scout Tower |
| 14:46 | Scout Tower |
| 14:48 | Peasant |
| 14:48 | Peasant |
| 14:48 | Peasant |
| 14:51 | Sorceress |
| 14:55 | Gryphon Rider |
| 14:55 | Storm Hammers |
| 14:58 | Knight |
| 14:58 | Footman |
| 15:52 | Scout Tower |
| 15:53 | Scout Tower |
| 15:54 | Peasant |
| 15:54 | Peasant |
| 15:54 | Peasant |
| 15:54 | Peasant |
| 16:02 | Arcane Tower |
| 16:04 | Scout Tower |
| 17:38 | Priest |
| 17:39 | Sorceress |
| 17:40 | Knight |
| 17:41 | Gryphon Rider |
| 17:47 | Guard Tower |
| 17:51 | Guard Tower |
| 17:55 | Guard Tower |
| 18:05 | Workshop |
| 18:06 | Peasant |
| 18:10 | Peasant |
| 18:10 | Peasant |
| 18:11 | Peasant |
| 18:18 | Footman |
| 18:33 | Priest |
| 18:34 | Priest |
| 18:34 | Priest |
| 19:18 | Siege Engine |
| 19:27 | Workshop |
| 19:31 | Peasant |
| 19:34 | Peasant |
| 19:34 | Peasant |
| 19:49 | Siege Engine |
| 19:54 | Black Gunpowder |
| 19:57 | Peasant |
| 20:11 | Gryphon Rider |
| 20:15 | Siege Engine |
| 20:50 | Magic Sentry |
| 20:58 | Knight |
| 21:00 | Siege Engine |
| 21:11 | Siege Engine |
| 21:22 | Scroll of Town Portal |
| 21:31 | Sorceress |
| 22:46 | Farm |
| 22:48 | Farm |
| 23:44 | Siege Engine |
| 23:45 | Siege Engine |
| 23:45 | Siege Engine |
| 23:45 | Siege Engine |
| 23:48 | Barrage |
| Right click | 865 |
| Select | 513 |
| Select group | 199 |
| Assign group | 160 |
| Build/train/purchase | 120 |
| Misc. action | 80 |
| Use ability | 16 |
| Minimap ping | 9 |
| Esc | 5 |
| Resource trade | 5 |


| Staff of Preservation | 1 | 150 |
| Potion of Healing | 1 | 150 |
| Orb of Venom | 1 | 325 |
| Dust of Appearance | 1 | 75 |
| Potion of Lesser Invulnerability | 1 | 150 |
| total: | 5 | 850g |
| Wisp | 23 | 1380 | / | 0 |
| Huntress | 5 | 975 | / | 100 |
| Dryad | 3 | 435 | / | 180 |
| Druid of the Claw | 5 | 1275 | / | 400 |
| Glaive Thrower | 3 | 630 | / | 195 |
| Mountain Giant | 1 | 350 | / | 100 |
| Chimaera | 2 | 660 | / | 140 |
| Ice Troll Berserker | 1 | 245 | / | 30 |
| total: | 43 | 5950g | / | 1145w |
| Ancient Protector | 2 | 270 | / | 160 |
| Moon Well | 8 | 1440 | / | 320 |
| Altar of Elders | 1 | 180 | / | 50 |
| Hunter's Hall | 1 | 210 | / | 100 |
| Ancient of War | 2 | 300 | / | 120 |
| Ancient of Wonders | 2 | 180 | / | 60 |
| Tree of Life | 1 | 340 | / | 185 |
| Ancient of Lore | 2 | 310 | / | 290 |
| Chimaera Roost | 2 | 280 | / | 380 |
| Tree of Ages | 1 | 320 | / | 180 |
| Tree of Eternity | 1 | 330 | / | 200 |
| total: | 21 | 3510g | / | 1665w |
| 0:03 | Moon Well |
| 0:05 | Wisp |
| 0:06 | Wisp |
| 0:21 | Altar of Elders |
| 0:32 | Wisp |
| 0:32 | Wisp |
| 0:32 | Wisp |
| 0:58 | Wisp |
| 0:58 | Wisp |
| 1:01 | Moon Well |
| 1:51 | Wisp |
| 1:59 | Hunter's Hall |
| 2:02 | Ancient of War |
| 2:07 | Wisp |
| 2:07 | Wisp |
| 2:34 | Ancient of War |
| 2:44 | Wisp |
| 2:50 | Moon Well |
| 2:53 | Mana Burn |
| 3:06 | Huntress |
| 3:31 | Tree of Ages |
| 3:44 | Huntress |
| 3:59 | Huntress |
| 4:38 | Huntress |
| 4:43 | Moon Well |
| 5:16 | Sentinel |
| 5:20 | Ice Troll Berserker |
| 6:04 | Huntress |
| 6:16 | Evasion |
| 6:52 | Ancient of Lore |
| 7:21 | Ancient of Wonders |
| 7:56 | Tree of Eternity |
| 8:03 | Mana Burn |
| 8:07 | Dryad |
| 8:22 | Entangling Roots |
| 8:27 | Staff of Preservation |
| 8:28 | Potion of Healing |
| 8:46 | Dryad |
| 8:48 | Ancient of Lore |
| 9:05 | Druid of the Claw Adept Training |
| 9:17 | Moon Well |
| 9:50 | Druid of the Claw |
| 10:18 | Force of Nature |
| 10:22 | Druid of the Claw Master Training |
| 10:23 | Druid of the Claw |
| 11:13 | Abolish Magic |
| 11:18 | Tree of Life |
| 11:46 | Druid of the Claw |
| 12:03 | Ancient Protector |
| 12:42 | Glaive Thrower |
| 12:45 | Wisp |
| 12:45 | Wisp |
| 12:45 | Wisp |
| 12:45 | Wisp |
| 12:57 | Moon Well |
| 13:13 | Glaive Thrower |
| 13:23 | Potion of Lesser Invulnerability |
| 14:01 | Ancient Protector |
| 14:08 | Evasion |
| 14:13 | Wisp |
| 14:13 | Wisp |
| 14:13 | Wisp |
| 14:43 | Mountain Giant |
| 15:07 | Vorpal Blades |
| 15:17 | Wisp |
| 15:18 | Wisp |
| 15:18 | Wisp |
| 16:16 | Glaive Thrower |
| 16:19 | Wisp |
| 16:19 | Wisp |
| 18:25 | Druid of the Claw |
| 19:01 | Ancient of Wonders |
| 19:11 | Dryad |
| 19:47 | Orb of Venom |
| 20:08 | Chimaera Roost |
| 20:14 | Chimaera Roost |
| 20:22 | Strength of the Wild |
| 20:23 | Druid of the Claw |
| 21:11 | Dust of Appearance |
| 21:56 | Corrosive Breath |
| 21:57 | Chimaera |
| 22:04 | Moon Well |
| 22:07 | Moon Well |
| 22:40 | Chimaera |
| Right click | 1290 |
| Select group | 776 |
| Select | 470 |
| Chat | 112 |
| Build/train/purchase | 110 |
| Misc. action | 55 |
| Use ability | 50 |
| Assign group | 48 |
| Item give/drop | 4 |
| Minimap ping | 3 |
| Remove unit | 1 |
62 units @ 6k
/ 0.7k
104 buildings @ 9.3k
/ 5.4k


| Peasant | 18 | 1350 | / | 0 |
| Footman | 4 | 540 | / | 0 |
| Mortar Team | 2 | 360 | / | 140 |
| Flying Machine | 18 | 1800 | / | 540 |
| total: | 42 | 4050g | / | 680w |
| Scout Tower | 39 | 1170 | / | 780 |
| Arcane Tower | 3 | 210 | / | 150 |
| Guard Tower | 22 | 1540 | / | 1100 |
| Altar of Kings | 1 | 180 | / | 50 |
| Barracks | 1 | 160 | / | 60 |
| Farm | 10 | 800 | / | 200 |
| Lumber Mill | 1 | 120 | / | 0 |
| Blacksmith | 2 | 280 | / | 120 |
| Town Hall | 1 | 385 | / | 205 |
| Arcane Vault | 1 | 130 | / | 30 |
| Workshop | 3 | 420 | / | 420 |
| Gryphon Aviary | 1 | 140 | / | 150 |
| Keep | 2 | 640 | / | 420 |
| Castle | 2 | 720 | / | 420 |
| total: | 60 | 3785g | / | 2015w |
| 0:02 | Peasant |
| 0:08 | Altar of Kings |
| 0:11 | Barracks |
| 0:17 | Peasant |
| 0:19 | Farm |
| 0:34 | Farm |
| 0:38 | Peasant |
| 0:46 | Peasant |
| 1:00 | Peasant |
| 1:15 | Footman |
| 1:22 | Peasant |
| 1:28 | Scout Tower |
| 1:33 | Peasant |
| 1:42 | Farm |
| 1:55 | Footman |
| 2:07 | Arcane Tower |
| 2:09 | Storm Bolt |
| 2:16 | Lumber Mill |
| 2:36 | Peasant |
| 2:37 | Peasant |
| 2:39 | Footman |
| 3:26 | Footman |
| 3:29 | Scout Tower |
| 3:59 | Scout Tower |
| 4:01 | Scout Tower |
| 4:01 | Scout Tower |
| 4:03 | Scout Tower |
| 4:04 | Keep |
| 4:09 | Scout Tower |
| 4:17 | Guard Tower |
| 4:32 | Improved Lumber Harvesting |
| 4:33 | Guard Tower |
| 4:54 | Guard Tower |
| 4:55 | Scout Tower |
| 4:56 | Scout Tower |
| 5:04 | Scout Tower |
| 5:06 | Scout Tower |
| 5:24 | Guard Tower |
| 5:25 | Scout Tower |
| 5:26 | Scout Tower |
| 6:10 | Guard Tower |
| 6:12 | Guard Tower |
| 6:19 | Guard Tower |
| 6:20 | Scout Tower |
| 6:21 | Scout Tower |
| 6:32 | Peasant |
| 6:33 | Peasant |
| 6:43 | Guard Tower |
| 6:59 | Blacksmith |
| 7:04 | Blacksmith |
| 7:08 | Guard Tower |
| 7:11 | Farm |
| 7:12 | Farm |
| 7:46 | Holy Light |
| 8:19 | Town Hall |
| 8:21 | Scout Tower |
| 8:22 | Guard Tower |
| 8:27 | Bash |
| 8:32 | Peasant |
| 8:32 | Peasant |
| 8:34 | Advanced Lumber Harvesting |
| 8:54 | Guard Tower |
| 8:56 | Scout Tower |
| 8:56 | Scout Tower |
| 9:09 | Castle |
| 9:21 | Black Gunpowder |
| 9:54 | Workshop |
| 10:20 | Guard Tower |
| 10:22 | Scout Tower |
| 10:22 | Scout Tower |
| 10:28 | Peasant |
| 10:28 | Peasant |
| 11:10 | Arcane Tower |
| 11:11 | Flak Cannons |
| 11:33 | Workshop |
| 11:36 | Workshop |
| 12:05 | Scout Tower |
| 12:05 | Scout Tower |
| 12:08 | Scout Tower |
| 12:12 | Arcane Tower |
| 12:17 | Fragmentation Shards |
| 12:21 | Improved Masonry |
| 12:34 | Refined Gunpowder |
| 12:44 | Flying Machine Bombs |
| 12:45 | Flare |
| 12:52 | Peasant |
| 12:53 | Peasant |
| 13:24 | Peasant |
| 13:31 | Scout Tower |
| 13:33 | Scout Tower |
| 13:33 | Scout Tower |
| 13:34 | Scout Tower |
| 13:37 | Mortar Team |
| 13:40 | Mortar Team |
| 13:43 | Guard Tower |
| 14:07 | Guard Tower |
| 14:21 | Advanced Masonry |
| 14:33 | Flying Machine |
| 14:34 | Flying Machine |
| 14:43 | Guard Tower |
| 14:45 | Scout Tower |
| 14:45 | Scout Tower |
| 14:46 | Scout Tower |
| 15:12 | Scout Tower |
| 15:13 | Scout Tower |
| 15:24 | Scout Tower |
| 15:27 | Guard Tower |
| 16:13 | Guard Tower |
| 16:16 | Scout Tower |
| 16:16 | Scout Tower |
| 16:17 | Scout Tower |
| 16:20 | Guard Tower |
| 16:25 | Imbued Masonry |
| 17:15 | Guard Tower |
| 17:20 | Healing Wave |
| 17:27 | Divine Shield |
| 17:46 | Imbued Gunpowder |
| 18:39 | Flying Machine |
| 18:39 | Flying Machine |
| 18:39 | Flying Machine |
| 18:40 | Flying Machine |
| 18:40 | Flying Machine |
| 18:40 | Flying Machine |
| 18:40 | Flying Machine |
| 18:47 | Storm Bolt |
| 18:56 | Scout Tower |
| 18:57 | Scout Tower |
| 18:58 | Scout Tower |
| 19:09 | Keep |
| 19:12 | Flying Machine |
| 19:13 | Flying Machine |
| 19:32 | Guard Tower |
| 19:36 | Farm |
| 19:36 | Farm |
| 19:37 | Farm |
| 19:46 | Flying Machine |
| 19:54 | Farm |
| 19:55 | Farm |
| 20:36 | Flying Machine |
| 20:36 | Flying Machine |
| 20:40 | Iron Plating |
| 20:55 | Guard Tower |
| 20:56 | Guard Tower |
| 21:26 | Flying Machine |
| 21:26 | Flying Machine |
| 21:37 | Castle |
| 21:39 | Gryphon Aviary |
| 22:01 | Steel Plating |
| 22:41 | Arcane Vault |
| 24:44 | Flying Machine |
| 24:44 | Flying Machine |
| 25:07 | Healing Wave |
| Right click | 988 |
| Select | 408 |
| Select group | 242 |
| Build/train/purchase | 98 |
| Misc. action | 93 |
| Use ability | 42 |
| Assign group | 12 |
| Minimap ping | 8 |
| Remove unit | 1 |
GIGA
(207)
(25:33) : 

| Lesser Clarity Potion | 2 | 140 |
| Healing Salve | 1 | 100 |
| Orb of Lightning | 1 | 375 |
| Potion of Mana | 1 | 200 |
| Boots of Speed | 1 | 250 |
| Staff of Teleportation | 1 | 150 |
| total: | 7 | 1215g |
| Peon | 16 | 1200 | / | 0 |
| Grunt | 3 | 600 | / | 0 |
| Troll Witch Doctor | 1 | 145 | / | 25 |
| total: | 20 | 1945g | / | 25w |
| Watch Tower | 35 | 3850 | / | 2800 |
| Altar of Storms | 1 | 180 | / | 50 |
| Orc Burrow | 2 | 320 | / | 80 |
| Barracks | 1 | 180 | / | 50 |
| Voodoo Lounge | 2 | 260 | / | 60 |
| War Mill | 1 | 205 | / | 0 |
| Great Hall | 1 | 385 | / | 185 |
| Spirit Lodge | 1 | 150 | / | 150 |
| Stronghold | 1 | 315 | / | 190 |
| Fortress | 1 | 325 | / | 190 |
| total: | 44 | 5530g | / | 3375w |
| 0:03 | Peon |
| 0:03 | Peon |
| 0:06 | Altar of Storms |
| 0:16 | Orc Burrow |
| 0:31 | Peon |
| 0:37 | Barracks |
| 0:45 | Peon |
| 0:54 | Peon |
| 1:14 | Peon |
| 1:22 | Peon |
| 1:30 | Orc Burrow |
| 1:45 | Grunt |
| 1:53 | Peon |
| 2:15 | Voodoo Lounge |
| 2:22 | Wind Walk |
| 2:34 | Grunt |
| 2:38 | Peon |
| 2:57 | Peon |
| 3:16 | War Mill |
| 3:25 | Grunt |
| 3:29 | Critical Strike |
| 4:14 | Stronghold |
| 4:42 | Watch Tower |
| 4:43 | Watch Tower |
| 4:45 | Watch Tower |
| 4:45 | Watch Tower |
| 4:53 | Watch Tower |
| 4:55 | Watch Tower |
| 5:20 | Watch Tower |
| 5:21 | Watch Tower |
| 6:14 | Watch Tower |
| 6:16 | Watch Tower |
| 6:35 | Reinforced Defenses |
| 6:35 | Spiked Barricades |
| 6:48 | Watch Tower |
| 6:51 | Watch Tower |
| 6:52 | Watch Tower |
| 6:59 | Peon |
| 6:59 | Peon |
| 7:19 | Watch Tower |
| 7:21 | Watch Tower |
| 7:39 | Lesser Clarity Potion |
| 7:44 | Fortress |
| 8:37 | Hex |
| 8:42 | Great Hall |
| 8:49 | Improved Spiked Barricades |
| 9:06 | Healing Salve |
| 10:24 | Watch Tower |
| 10:24 | Watch Tower |
| 10:28 | Watch Tower |
| 10:29 | Watch Tower |
| 10:46 | Watch Tower |
| 10:48 | Watch Tower |
| 11:06 | Wind Walk |
| 11:10 | Watch Tower |
| 11:11 | Watch Tower |
| 11:23 | Orb of Lightning |
| 11:26 | Peon |
| 11:26 | Peon |
| 11:27 | Peon |
| 12:04 | Watch Tower |
| 12:07 | Watch Tower |
| 12:10 | Boots of Speed |
| 12:26 | Watch Tower |
| 12:27 | Watch Tower |
| 14:28 | Staff of Teleportation |
| 14:50 | Watch Tower |
| 14:54 | Watch Tower |
| 15:28 | Critical Strike |
| 16:11 | Watch Tower |
| 16:12 | Watch Tower |
| 17:49 | Watch Tower |
| 17:50 | Watch Tower |
| 18:04 | Spirit Lodge |
| 18:55 | Watch Tower |
| 18:57 | Watch Tower |
| 19:00 | Peon |
| 19:14 | Voodoo Lounge |
| 19:31 | Lesser Clarity Potion |
| 19:34 | Potion of Mana |
| 22:13 | Troll Witch Doctor |
| 22:13 | Witch Doctor Adept Training |
| Right click | 1464 |
| Select group | 458 |
| Select | 271 |
| Build/train/purchase | 113 |
| Resource trade | 42 |
| Use ability | 17 |
| Misc. action | 11 |
| Assign group | 10 |
| Minimap ping | 8 |
| Item give/drop | 3 |
| Esc | 1 |